 Dungeon Crawl Stone Soup version 0.29.1-1-gd02db6906a (webtiles) character file.

Game seed: 8882032104382327806

590 leavemydog the Conjurer (level 7, 0/36 HPs)
             Began as a Deep Elf Conjurer on Oct 11, 2022.
             Slain by Pikel
             ... wielding a +2 whip of flaming
              (6 damage)
             ... on level 5 of the Dungeon.
             The game lasted 00:05:06 (4626 turns).

leavemydog the Conjurer (Deep Elf Conjurer)         Turns: 4626, Time: 00:05:06

Health: 0/36       AC:  8    Str:  4    XL:     7   Next: 15%
Magic:  5/18       EV: 12    Int: 31    God:
Gold:   229        SH:  0    Dex: 13    Spells: 8/18 levels left

rFire   . . .      SeeInvis .   i - +0 short sword (protect)
rCold   . . .      Faith    .   (no shield)
rNeg    . . .      Spirit   .   a - +0 robe
rPois   .          Reflect  .   (no helmet)
rElec   .          Harm     .   k - +0 cloak
rCorr   .          Rampage  .   f - +0 pair of gloves
Will    .....                   (no boots)
Stlth   ++........              (no amulet)
HPRegen 0.12/turn               d - +6 ring of intelligence
MPRegen 0.16/turn               l - +4 ring of protection

@: no status effects
A: no striking features
a: no special abilities


You were on level 5 of the Dungeon.
You visited 1 branch of the dungeon, and saw 5 of its levels.

You collected 229 gold pieces.

Inventory:

Hand Weapons
 i - a +0 short sword of protection (weapon)
Missiles
 w - 9 javelins
Armour
 a - a +0 robe (worn)
 f - a +0 pair of gloves (worn)
 k - a +0 cloak (worn)
Jewellery
 d - a +6 ring of intelligence (left hand)
 e - a ring of willpower
 l - a +4 ring of protection (right hand)
 u - a ring of poison resistance
Wands
 n - a wand of flame (28)
 v - a wand of polymorph (4)
Scrolls
 g - a scroll of blinking {unknown}
 j - a scroll of magic mapping {unknown}
 p - a scroll of teleportation {unknown}
 q - 2 scrolls of identify {unknown}
 x - a scroll of fog {unknown}
 y - a scroll of immolation {unknown}
 B - a scroll of enchant weapon {unknown}
Potions
 b - a potion of magic
 c - 3 potions of heal wounds {unknown}
 h - 5 potions of lignification {unknown}
 m - 3 potions of curing {unknown}
 o - a potion of flight {unknown}
 r - a potion of berserk rage {unknown}
 s - a potion of degeneration {unknown}
 t - a potion of mutation {unknown}
 z - 4 potions of haste {unknown}
 A - a potion of brilliance {unknown}


   Skills:
 - Level 2.4 Dodging
 - Level 2.4 Stealth
 + Level 6.2 Spellcasting
 + Level 7.3 Conjurations
 * Level 2.6 Translocations
 * Level 2.4 Earth Magic


You had 8 spell levels left.
You knew the following spells:

 Your Spells              Type           Power      Damage    Failure   Level
a - Magic Dart            Conj           100%       1d8       1%          1
b - Searing Ray           Conj           100%       2d8       1%          2
c - Iskenderun's Mystic   Conj/Tloc      40%        2d9       6%          4
d - Stone Arrow           Conj/Erth      78%        3d11      1%          3

Your spell library contained the following spells:

 Spells                   Type           Power      Damage    Failure   Level
 Dazzling Flash           Conj/Hex       64%        N/A       3%          3
 Necrotise                Necr           36%        1d5       4%          1
 Gell's Gravitas          Tloc           25%        N/A       4%          3
 Lesser Beckoning         Tloc           25%        N/A       4%          3
 Teleport Other           Tloc           25%        N/A       4%          3
 Sublimation of Blood     Necr           9%         N/A       8%          2
 Wereblood                Tmut           9%         N/A       8%          2
 Fulminant Prism          Conj/Hex       16%        3d11      11%         4
 Vampiric Draining        Necr           9%         2d6       14%         3
 Animate Armour           Summ/Erth      34%        N/A       28%         4
 Agony                    Necr           9%         N/A       80%         5
 Summon Hydra             Summ           4%         N/A       100%        7
 Lehudib's Crystal Spear  Conj/Erth      19%        10d6      100%        8


Dungeon Overview and Level Annotations

Branches:
Dungeon (5/15)             Temple (0/1) D:4

Altars:
Elyvilon

Annotations:
D:5 Pikel


Message History

Press: ? - help, Shift-Dir - straight line, f - Pikel, p - lemure
Aim: Pikel, wielding a +2 whip of flaming and wearing a +0 robe (79% to hit)
The searing ray hits the lemure!
You kill the lemure!
That felt strangely unrewarding.
The searing ray hits Pikel.
Pikel is lightly wounded. (Press . to maintain the ray.)
The searing ray misses Pikel.
You hear a shout!
A lemure comes into view.
The searing ray hits Pikel.
Pikel is moderately wounded.
The searing ray hits the lemure!
The lemure is moderately wounded.
The searing ray hits Pikel!
Pikel is heavily wounded.
The searing ray misses the lemure.
You finish channelling your searing ray.
Pikel hits you with a +2 whip of flaming!
Pikel burns you.
Casting: Searing Ray (safe; 1% risk of failure)
Confirm with . or Enter, or press ? or * to list all spells.
Aiming: Stone Arrow (safe; 1% risk of failure)
Press: ? - help, Shift-Dir - straight line, f/p - Pikel
Aim: Pikel, wielding a +2 whip of flaming and wearing a +0 robe (heavily wounded, 67% to hit)
The stone arrow hits Pikel!
Pikel is severely wounded.
Pikel hits you with a +2 whip of flaming.
Pikel burns you.
Casting: Stone Arrow (safe; 1% risk of failure)
Confirm with . or Enter, or press ? or * to list all spells.
Aiming: Stone Arrow (safe; 1% risk of failure)
Press: ? - help, Shift-Dir - straight line, f/p - Pikel
Aim: Pikel, wielding a +2 whip of flaming and wearing a +0 robe (severely wounded, 67% to hit)
The stone arrow hits Pikel!
Pikel is almost dead.
Pikel hits you with a +2 whip of flaming!
* * * LOW HITPOINT WARNING * * *
Pikel burns you.
You die... ...#########..# #......@K55...# #.##########.##

You could see Pikel and 2 lemures.

Vanquished Creatures
  Duvessa (D:4)
  An ogre (D:4)
  A lemure (D:5)
  A scorpion (D:4)
  Dowan (D:4)
  A jelly (D:4)
  An orc priest (D:3)
  Jessica (D:3)
  An iguana (D:4)
  9 adders
  2 worms (D:3)
  4 dart slugs
  7 orcs
  14 ball pythons
  10 endoplasms
  A giant cockroach (D:4)
  6 goblins
  6 hobgoblins
  4 jackals (D:3)
  6 kobolds
  3 quokkas
  5 bats
  7 frilled lizards
  3 rats
96 creatures vanquished.

Notes
Turn   | Place    | Note
-------+----------+-------------------------------------------
     0 | D:1      | leavemydog the Deep Elf Conjurer began the quest for the
                  | Orb.
     0 | D:1      | Reached XP level 1. HP: 10/10 MP: 6/6
   284 | D:1      | Reached XP level 2. HP: 15/15 MP: 6/8
   287 | D:1      | Learned a level 2 spell: Searing Ray
   380 | D:1      | Reached skill level 5 in Conjurations
   916 | D:2      | Reached XP level 3. HP: 19/19 MP: 5/9
   989 | D:2      | Found a faded altar of an unknown god.
  1867 | D:3      | Noticed Jessica
  1870 | D:3      | Killed Jessica
  1871 | D:3      | Reached skill level 6 in Conjurations
  1871 | D:3      | Reached XP level 4. HP: 24/24 MP: 8/12
  1876 | D:3      | Learned a level 4 spell: Iskenderun's Mystic Blast
  1880 | D:3      | Learned a level 3 spell: Stone Arrow
  2364 | D:3      | Reached XP level 5. HP: 18/28 MP: 7/13
  2547 | D:3      | Reached skill level 1 in Translocations
  2867 | D:3      | Reached skill level 1 in Earth Magic
  2973 | D:3      | Found a white marble altar of Elyvilon.
  3916 | D:4      | Reached skill level 5 in Spellcasting
  4025 | D:4      | Reached XP level 6. HP: 32/32 MP: 10/15
  4081 | D:4      | Noticed Duvessa
  4081 | D:4      | Noticed Dowan
  4162 | D:4      | Found a staircase to the Ecumenical Temple.
  4178 | D:4      | Reached skill level 7 in Conjurations
  4385 | D:4      | Killed Duvessa
  4386 | D:4      | Reached XP level 7. HP: 36/36 MP: 6/18
  4388 | D:4      | Killed Dowan
  4617 | D:5      | Entered Level 5 of the Dungeon
  4619 | D:5      | Noticed Pikel
  4626 | D:5      | Slain by Pikel

Illustrated notes

Levels and vault maps discovered:
D:1:      lightli_arrival_farm, layout_basic
D:2:      layout_basic, shapermc_ecumenical_altar_mp_ritualfount
D:3:      layout_basic, elyvilon_altar_1, minmay_snake_closets, uniq_jessica
D:4:      layout_rooms, minmay_temple_entry_from_below_b,
          chequers_serial_rivers_micro_c, uniq_duvessa
D:5:      layout_loops_ring, lemuel_crystal_altar, uniq_pikel

Skill      XL: |  1  2  3  4  5  6 |
---------------+-------------------+-----
Conjurations   | 5 6 7 |  7.3
Spellcasting   | 4 5 6 |  6.2
Translocations | 1 2 |  2.6
Earth Magic    | 1 2 |  2.4
Dodging        | |  2.4
Stealth        | |  2.4

Action                   |  1- 3 |  4- 6 |  7- 9 || total
-------------------------+-------+-------+-------++-------
Melee: Unarmed           |       |     8 |       ||     8
       Short sword       |       |     5 |       ||     5
 Cast: Magic Dart        |    80 |   120 |     3 ||   203
       Searing Ray       |       |     5 |     1 ||     6
       Stone Arrow       |       |     6 |     4 ||    10
Armor: Robe              |     1 |     6 |       ||     7
Dodge: Dodged            |       |    17 |       ||    17
